 Dungeon Crawl Stone Soup version 0.20-a0-795-ga03948b (console) character file.

2643 nht the Grappler (level 9, -9/64 HPs)
             Began as a Pale Draconian Transmuter on Mar 1, 2017.
             Was a Follower of Wu Jian.
             Mangled by a death yak (26 damage)
             ... on level 8 of the Dungeon.
             The game lasted 00:10:35 (6123 turns).

nht the Grappler (Pale Draconian Transmuter)        Turns: 6123, Time: 00:10:36

Health: -9/64      AC:  8    Str: 15    XL:     9   Next: 35%
Magic:  10/12      EV: 12    Int: 19    God:    Wu Jian [*.....]
Gold:   361        SH:  0    Dex: 12    Spells: 3/12 levels left

rFire    . . .     SeeInvis .     - Unarmed
rCold    . . .     Gourm    .   (armour unavailable)
rNeg     . . .     Faith    .   (shield currently unavailable)
rPois    .         Spirit   .   (helmet restricted)
rElec    .         Reflect  .   C - +0 cloak
rCorr    .         Harm     .   (gloves currently unavailable)
MR       .....                  (no boots)
Stlth    +.........             (no amulet)
Regen    0.2/turn               m - +3 ring of intelligence
MPRegen  0.2/turn               p - ring of wizardry

@: blade hands
A: breathe steam, unfitting armour, blink, strong 1, cold-blooded, AC +7
a: Breathe Steam, End Transformation, Blink, Renounce Religion


You were on level 8 of the Dungeon.
You worshipped Wu Jian.
Wu Jian was aware of your devotion.
You were not hungry.
You had blades for hands.
You visited 1 branch of the dungeon, and saw 8 of its levels.

You collected 488 gold pieces.
You spent 127 gold pieces at shops.

Inventory:

Missiles
 a - 157 arrows
Armour
 n - a scarf of repulsion
 z - a +0 pair of gloves (melded)
 C - a +0 cloak (worn)
Jewellery
 i - an uncursed ring of positive energy
 m - a +3 ring of intelligence (right scythe-like blade)
 p - a ring of wizardry (left scythe-like blade)
 A - an uncursed ring of ice
Wands
 r - a wand of random effects (28/48)
 F - a wand of polymorph (10/24)
Scrolls
 g - 4 scrolls of fog {unknown}
 h - 3 scrolls of enchant weapon {unknown}
 o - a scroll of enchant armour {unknown}
 s - 6 scrolls of teleportation
 u - 3 scrolls of remove curse {unknown}
 v - a scroll of amnesia {unknown}
 x - 2 scrolls of fear
 y - 2 scrolls of recharging {unknown}
 D - a scroll of magic mapping {unknown}
 J - a scroll of vulnerability {unknown}
Potions
 d - 2 potions of curing
 e - a potion of berserk rage
 f - 2 potions of cancellation
 j - a potion of lignification
 l - a potion of magic
 t - a potion of flight
 B - 3 potions of heal wounds
 G - 3 potions of invisibility
 I - a potion of agility
Books
 b - a book of Changes

   Spells                             Type                      Level
   a - Beastly Appendage              Transmutation                1
   b - Sticks to Snakes               Transmutation                2
   c - Spider Form                    Transmutation/Poison         3
   d - Ice Form                       Ice/Transmutation            4
   e - Blade Hands                    Transmutation                5
 E - a book of Callings

   Spells                             Type                      Level
   a - Summon Small Mammal            Summoning                    1
   b - Call Imp                       Summoning                    2
   c - Call Canine Familiar           Summoning                    3
   d - Summon Guardian Golem          Hexes/Summoning              3
   e - Summon Lightning Spire         Summoning/Air                4
   f - Summon Ice Beast               Ice/Summoning                4
 H - a book of Power

   Spells                             Type                      Level
   a - Iskenderun's Battlesphere      Conjuration/Charms           5
   b - Venom Bolt                     Conjuration/Poison           5
   c - Bolt of Magma                  Conjuration/Fire/Earth       5
   d - Iron Shot                      Conjuration/Earth            6
   e - Orb of Destruction             Conjuration                  7
   f - Spellforged Servitor           Conjuration/Summoning        7
 L - a Young Poisoner's Handbook

   Spells                             Type                      Level
   a - Sting                          Conjuration/Poison           1
   b - Poisonous Vapours              Poison/Air                   2
   c - Mephitic Cloud                 Conjuration/Poison/Air       3
   d - Olgreb's Toxic Radiance        Poison                       4
   e - Venom Bolt                     Conjuration/Poison           5
Comestibles
 c - 4 bread rations
 k - 3 meat rations
 q - 2 royal jellies
 w - 4 fruits
 K - a chunk of flesh


   Skills:
 - Level 1.1 Fighting
 - Level 1.7 Dodging
 * Level 10.9 Unarmed Combat
 - Level 2.0 Spellcasting
 + Level 7.5 Transmutations


You had 3 spell levels left.
You knew the following spells:

 Your Spells              Type           Power        Failure   Level  Hunger
a - Beastly Appendage     Tmut           ####..       6%          1    #......
b - Spider Form           Tmut/Pois      ###.......   22%         3    ###....
c - Blade Hands           Tmut           ####......   32%         5    ######.


Dungeon Overview and Level Annotations

Branches:
Dungeon (8/15)             Temple (0/1) D:5
   Lair: D:8-11

Altars:
Ashenzari
Cheibriados
Fedhas
Gozag
Hepliaklqana
Kikubaaqudgha
Makhleb
Nemelex Xobeh
Okawaru
Qazlal
Trog
Vehumet
Wu Jian
Xom
The Shining One

Shops:
D:6 (:*   D:7 *


Innate Abilities, Weirdness & Mutations

You can breathe blasts of scalding, opaque steam.
Your pale cyan-grey scales are hard. (AC +7)
You cannot fit into any form of body armour.
You are cold-blooded and may be slowed by cold attacks.
You can translocate small distances at will.
Your muscles are strong. (Str +2)


Message History

You spin and attack the death yak.
You hit the death yak.
The death yak is heavily wounded.
The death yak closely misses you.
Unknown command.
You slash the death yak!
You tail-slap the death yak, but do no damage.
The death yak is severely wounded.
The gnoll hits you with a club. The death yak gores you!
Unknown command.
You completely miss the death yak.
The death yak is severely wounded.
You hit the death yak but do no damage.
The death yak is severely wounded.
The death yak gores you!
* * * LOW HITPOINT WARNING * * *
The gnoll closely misses you.
Okay, then.
Okay, then.
The death yak gores you!!
You die...

...██....♣.♣...........█
█..█....♣.♣.♣...██████.█
█..█...♣.♣.♣.♣..█ ██.██
......♣.♣._.♣.♣.█ ██>..██
.......♣.♣.♣.♣..█ █.███.█
██.█....♣.♣.♣...█ ██.█ █.█
█..█.....♣.♣....███..███.█
..██..█...♣...█.██......██
)...............@Y....███
[.██..........████..Y.█
.<.......... █ ██.█g█
█.█████... ███.█ █.█ █.g.█
█.█


█Y███ █.█ ████████Y█ ... ......Y.)█ █.. ....oY█).█ You could see 2 death yaks
and a gnoll.

Vanquished Creatures
  A death yak (D:8)
  Joseph (D:7)
  A wyvern (D:5)
  The ghost of derval the Bolt Thrower, an amateur KoHu (D:3)
  2 ogres
  2 ice beasts (D:6)
  2 centaurs (D:5)
  A scorpion (D:7)
  4 wights (D:7)
  A crimson imp (D:7)
  A centaur zombie (D:5)
  A bullfrog zombie (D:6)
  3 hounds
  3 jellies
  2 orc priests
  Crazy Yiuf (D:6)
  An iguana (D:6)
  3 orc wizards (D:7)
  A worker ant (D:6)
  A howler monkey zombie (D:6)
  4 adders
  7 gnolls
  A shadow imp (D:5)
  An ooze (D:1)
  2 adder skeletons
  2 worms (D:4)
  2 dart slugs (D:1)
  A leopard gecko (D:4)
  20 orcs
  5 giant cockroaches
  3 goblins
  7 hobgoblins
  13 kobolds
  5 quokkas
  2 ball pythons
  6 bats
  5 frilled lizards
  A jackal skeleton (D:7)
  5 rats
125 creatures vanquished.

Notes
Turn   | Place    | Note
-------+----------+-------------------------------------------
     0 | D:1      | nht the Draconian Transmuter began the quest for the Orb.
     0 | D:1      | Reached XP level 1. HP: 16/16 MP: 3/3
   122 | D:1      | Reached XP level 2. HP: 21/23 MP: 3/5
   296 | D:1      | Reached skill level 4 in Unarmed Combat
   483 | D:1      | You fall through a shaft!
   483 | D:2      | Found a shattered altar of Ashenzari.
   512 | D:2      | Found a stormy altar of Qazlal.
   538 | D:2      | Reached XP level 3. HP: 24/28 MP: 4/6
   987 | D:2      | Found a shimmering altar of Xom.
  1193 | D:3      | Noticed derval's ghost (amateur KoHu)
  1238 | D:3      | Gained mutation: You can translocate small distances at will. [potion of mutation]
  1238 | D:3      | Gained mutation: Your muscles are strong. (Str +2) [potion of mutation]
  1241 | D:3      | HP: 1/28 [derval's ghost (6)]
  1277 | D:4      | Learned a level 3 spell: Spider Form
  1562 | D:4      | Reached XP level 4. HP: 27/35 MP: 3/7
  1936 | D:4      | HP: 1/35 [worm (9)]
  2619 | D:3      | Killed derval's ghost
  2619 | D:3      | Reached skill level 5 in Unarmed Combat
  2619 | D:3      | Reached XP level 5. HP: 28/40 MP: 3/8
  2917 | D:2      | Found an ornate altar of the Wu Jian Council.
  2922 | D:2      | Became a worshipper of the Wu Jian Council
  3255 | D:5      | Entered Level 5 of the Dungeon
  3256 | D:5      | Noticed an ogre
  3264 | D:5      | Killed an ogre
  3264 | D:5      | Reached skill level 6 in Unarmed Combat
  3264 | D:5      | Reached XP level 6. HP: 28/47 MP: 4/9
  3321 | D:5      | Found a bloodstained altar of Trog.
  3329 | D:5      | Found a shimmering altar of Xom.
  3329 | D:5      | Found a shimmering altar of Xom.
  3330 | D:5      | Found a stormy altar of Qazlal.
  3330 | D:5      | Found a stormy altar of Qazlal.
  3331 | D:5      | Found a shattered altar of Ashenzari.
  3331 | D:5      | Found a sparkling altar of Nemelex Xobeh.
  3332 | D:5      | Found an ornate altar of the Wu Jian Council.
  3332 | D:5      | Found a shimmering altar of Xom.
  3343 | D:5      | Found an opulent altar of Gozag.
  3344 | D:5      | Found a shimmering altar of Xom.
  3344 | D:5      | Found a burning altar of Makhleb.
  3344 | D:5      | Found a blossoming altar of Fedhas.
  3345 | D:5      | Found an ornate altar of the Wu Jian Council.
  3345 | D:5      | Found an ornate altar of the Wu Jian Council.
  3346 | D:5      | Found a radiant altar of Vehumet.
  3346 | D:5      | Found a hazy altar of Hepliaklqana.
  3629 | D:5      | Found a staircase to the Ecumenical Temple.
  3745 | D:5      | Your scales start taking on a pale cyan-grey colour.
  3745 | D:5      | Reached XP level 7. HP: 30/52 MP: 6/10
  3815 | D:5      | Reached skill level 7 in Unarmed Combat
  4099 | D:5      | Learned a level 5 spell: Blade Hands
  4190 | D:5      | Found an ancient bone altar of Kikubaaqudgha.
  4191 | D:5      | Noticed a wyvern
  4194 | D:5      | Killed a wyvern
  4194 | D:5      | Reached skill level 5 in Transmutations
  4717 | D:6      | Found Weetwuojai's Book Shoppe.
  4738 | D:6      | Reached skill level 8 in Unarmed Combat
  4768 | D:6      | Reached XP level 8. HP: 41/59 MP: 8/11
  4861 | D:6      | Found Rewemoown's General Store.
  4869 | D:6      | Bought a scroll of teleportation for 45 gold pieces
  4869 | D:6      | Bought a scroll of identify for 30 gold pieces
  4869 | D:6      | Bought a scroll of fear for 52 gold pieces
  4890 | D:6      | Found Kenwesab's Antique Weapon Emporium.
  4895 | D:6      | Reached * piety under Wu Jian
  4932 | D:6      | Found a runed door.
  5006 | D:6      | Got a scorched battleaxe
  5012 | D:6      | Identified the +10 battleaxe "Zorac" {protect, Int+4 Dex+3} (You found it on level 6 of the Dungeon)
  5228 | D:6      | Noticed Crazy Yiuf
  5232 | D:6      | Killed Crazy Yiuf
  5496 | D:7      | Found a glowing golden altar of the Shining One.
  5496 | D:7      | Found a faded altar of an unknown god.
  5496 | D:7      | Noticed Joseph
  5502 | D:7      | Reached skill level 9 in Unarmed Combat
  5508 | D:7      | Killed Joseph
  5513 | D:7      | Found a faded altar of an unknown god.
  5515 | D:7      | Found a snail-covered altar of Cheibriados.
  5516 | D:7      | Found a stormy altar of Qazlal.
  5579 | D:7      | Found an ornate altar of the Wu Jian Council.
  5624 | D:7      | Found Cank's General Store.
  5655 | D:7      | Reached skill level 10 in Unarmed Combat
  5817 | D:7      | Found a blossoming altar of Fedhas.
  6047 | D:8      | Found an iron altar of Okawaru.
  6057 | D:8      | Reached XP level 9. HP: 63/64 MP: 12/12
  6097 | D:8      | Noticed a death yak
  6102 | D:8      | Noticed a death yak
  6102 | D:8      | Noticed a death yak
  6107 | D:8      | Killed a death yak
  6123 | D:8      | Mangled by a death yak

Vault maps used:
D:1:      kennysheep_arrival_seaside
D:2:      lemuel_upstairs_altar, ashenzari_altar_1, xom_butterflies,
          grunt_qazlal_clouds
D:3:      minmay_door_path, minivault_14
D:4:      first_bread
D:5:      nicolae_overflow_crystal_walls, temple_doors_cd, basic_altar
D:6:      serial_shops, nicolae_shop_stone, shop, shop_statue,
          uniq_crazy_yiuf_cottage
D:7:      lemuel_crystal_altar, fedhas_altar_4,
          chequers_temple_overflow_minitemple, serial_shops, shop, uniq_joseph
D:8:      zin_academy, dpeg_lair_monsters, okawaru_trees_2

Skill      XL: |  1  2  3  4  5  6  7  8  9 |
---------------+----------------------------+-----
Unarmed Combat | 4 5 6 8 10 | 10.9
Transmutations | 3 4 5 6 7 |  7.5
Fighting       | |  1.1
Dodging        | |  1.7
Spellcasting   | |  2.0

Action                   |  1- 3 |  4- 6 |  7- 9 || total
-------------------------+-------+-------+-------++-------
Melee: Unarmed           |   161 |   126 |   171 ||   458
       Kick              |     4 |       |       ||     4
       Headbutt          |     6 |       |       ||     6
       Tailslap          |    11 |     6 |     8 ||    25
       Punch             |     1 |     2 |     3 ||     6
 Cast: Beastly Appendage |    12 |     1 |       ||    13
       Spider Form       |     1 |     7 |    11 ||    19
       Blade Hands       |       |       |     5 ||     5
Evoke: Wand              |       |       |     3 ||     3
  Use: Potion            |     5 |       |       ||     5
       Scroll            |       |       |     8 ||     8
 Stab: Sleeping          |       |     2 |       ||     2
  Eat: Chunk             |     2 |     8 |    11 ||    21
Armor: Skin              |    40 |    20 |    16 ||    76
Dodge: Dodged            |   105 |    74 |   110 ||   289
       Deflected         |       |     2 |       ||     2
